 Dungeon Crawl Stone Soup version 0.20-a0-1122-gb7cbeb9 (webtiles) character file.

2974 Malachi the Martial Artist (level 9, -16/64 HPs)
             Began as a Gnoll Transmuter on May 12, 2017.
             Was a Believer of Wu Jian.
             Killed from afar by Maurice (20 damage)
             ... with a wand of lightning (?/15)
             ... on level 8 of the Dungeon.
             The game lasted 00:17:29 (8299 turns).

Malachi the Martial Artist (Gnoll Transmuter)       Turns: 8299, Time: 00:17:30

Health: -16/64     AC:  2    Str: 10    XL:     9   Next: 82%
Magic:  28/29      EV: 26    Int: 16    God:    Wu Jian [**....]
Gold:   176        SH:  0    Dex: 19    Spells: 10/23 levels left

rFire    . . .     SeeInvis .     - Unarmed
rCold    . . .     Gourm    .   (shield currently unavailable)
rNeg     . . .     Faith    .   (armour currently unavailable)
rPois    x         Spirit   .   (helmet currently unavailable)
rElec    .         Reflect  .   (cloak currently unavailable)
rCorr    .         Harm     .   (gloves currently unavailable)
MR       .....                  (boots currently unavailable)
Stlth    ++++......             (no amulet)
Regen    0.2/turn               C - ring of magical power
MPRegen  0.3/turn               (no ring)

@: spider-form, drained
A: short attention span, strong nose
a: End Transformation, Renounce Religion


You were on level 8 of the Dungeon.
You worshipped Wu Jian.
Wu Jian was pleased with you.
You were hungry.
You were a venomous arachnid creature.
You visited 2 branches of the dungeon, and saw 9 of its levels.

You collected 363 gold pieces.
You spent 187 gold pieces at shops.

Inventory:

Missiles
 a - 11 arrows
 g - 2 throwing nets (quivered)
Armour
 b - a +0 robe (melded)
 w - a +0 helmet
 G - a +0 helmet (melded)
 H - a +0 cloak (melded)
 I - a +2 pair of boots of stealth (melded)
Jewellery
 C - a ring of magical power (left front leg)
Wands
 p - a wand of lightning (15/15)
 u - a wand of scattershot (8/9)
 L - a wand of lightning (6/15)
Scrolls
 e - a scroll of recharging
 h - 2 scrolls of identify
 j - 8 scrolls of remove curse
 n - 4 scrolls of teleportation
 o - a scroll of fear
 r - 2 scrolls of amnesia {unknown}
 s - a scroll of fog {unknown}
 v - a scroll of random uselessness {unknown}
 A - 2 scrolls of blinking {unknown}
 E - a scroll of brand weapon {unknown}
Potions
 f - a potion of heal wounds {unknown}
 i - 2 potions of magic {unknown}
 m - a potion of agility {unknown}
 q - 3 potions of curing {unknown}
 t - 3 potions of haste
 x - a potion of degeneration {unknown}
 z - 4 potions of lignification {unknown}
 B - a potion of mutation {unknown}
 D - a potion of invisibility {unknown}
 J - a potion of brilliance {unknown}
Books
 c - a book of Changes

   Spells                             Type                      Level
   a - Beastly Appendage              Transmutation                1
   b - Sticks to Snakes               Transmutation                2
   c - Spider Form                    Transmutation/Poison         3
   d - Ice Form                       Ice/Transmutation            4
   e - Blade Hands                    Transmutation                5
 F - a book of Cantrips

   Spells                             Type                      Level
   a - Confusing Touch                Hexes                        1
   b - Animate Skeleton               Necromancy                   1
   c - Summon Small Mammal            Summoning                    1
   d - Apportation                    Translocation                1
Comestibles
 d - 4 bread rations
 k - 3 fruits
 l - 5 royal jellies
 K - 7 chunks of flesh


   Skills:
 + Level 3.4(2.8) Fighting
 + Level 6.9(6.3) Dodging
 + Level 7.0(6.4) Stealth
 + Level 9.8(9.1) Unarmed Combat
 + Level 7.8(7.1) Spellcasting
 + Level 7.0(6.4) Transmutations
 + Level 5.3(4.7) Poison Magic


You had 10 spell levels left.
You knew the following spells:

 Your Spells              Type           Power        Failure   Level  Hunger
a - Beastly Appendage     Tmut           ####..       4%          1    None
b - Spider Form           Tmut/Pois      ###.......   12%         3    ##.....
c - Blade Hands           Tmut           ####......   45%         5    #####..
d - Ice Form              Ice/Tmut       ###.....     54%         4    ####...


Dungeon Overview and Level Annotations

Branches:
Dungeon (8/15)             Temple (1/1) D:4
   Lair: D:8-11

Altars:
Ashenzari
Cheibriados
Dithmenos
Elyvilon
Fedhas
Gozag
Hepliaklqana
Kikubaaqudgha
Makhleb
Nemelex Xobeh
Okawaru
Qazlal
Ru
Sif Muna
Trog
Uskayaw
Vehumet
Wu Jian
Xom
Yredelemnul
Zin
The Shining One

Shops:
D:6 ?   D:7 [   D:8 *

Annotations:
D:8 Maurice; yrara's ghost, novice DsFi


Innate Abilities, Weirdness & Mutations

You have a short attention span.
((You have very sharp teeth.))
Your uncanny sense of smell can sniff out nearby items.


Message History

You are too injured to fight recklessly!
You bite the jackal!
You kill the jackal!
The Council accepts your kill. The jackal completely misses you.
The jackal barely misses you.
You hit the jackal but do no damage.
The jackal is poisoned.
The jackal completely misses you.
You barely miss the jackal. Something hits you!
Something steals your 58 arrows!
You feel drained. The jackal misses you.
You hit the jackal.
The jackal looks as sick as possible!
The jackal is severely wounded.
You kill the jackal!
The Council accepts your kill.
You hear some strange, mumbled words.
You hear a zap.
A bolt of lightning appears from out of thin air!
The bolt of lightning hits you!
* * * LOW HITPOINT WARNING * * *
The bolt of lightning hits you!
You die...

#
#.)))...............†.....#.##
#
#.#####.####################.#
# #.# #... ......... ####.#
##### .......#. .....# #
########. .##### .# ## .#
##############.##.######### #
.#
#.......................<.###
.#
#.##########s.....#######Wa..
.# #.# #..#.#.# #..## .# #.#
#.## .. #..# .# #.# .## # #..#
.####.# # #..## ......# #....
...........# ######..##
.#####..#### ?.......# .## ..#
##.##.#†#


There were no monsters in sight!

Vanquished Creatures
  Prince Ribbit (D:6)
  A hippogriff (D:8)
  The ghost of yrara the Cudgeler, an amateur DsFi (D:3)
  Menkaure (D:7)
  An orc warrior (D:7)
  An ice beast (D:3)
  A necrophage (D:8)
  A phantom (D:5)
  A centaur (D:7)
  2 bullfrogs (D:7)
  3 scorpions
  4 killer bees (D:7)
  2 wights (D:6)
  6 howler monkeys
  2 crimson imps
  4 hounds
  An orc priest (D:4)
  2 jellies
  2 bullfrog skeletons
  9 orc wizards
  2 centaur skeletons (D:8)
  4 iguanas
  4 worker ants
  A hound skeleton (D:5)
  Robin (D:3)
  8 gnolls
  7 adders
  3 worms
  3 dart slugs
  6 leopard geckos
  22 orcs
  5 giant cockroaches
  14 goblins
  11 hobgoblins
  15 jackals
  3 quokkas
  5 bats
  6 frilled lizards
  6 kobolds
  A leopard gecko zombie (D:5)
  A quokka zombie (D:5)
  9 rats
183 creatures vanquished.

Vanquished Creatures (others)
  A ball python (D:4)
1 creature vanquished.

Grand Total: 184 creatures vanquished

Notes
Turn   | Place    | Note
-------+----------+-------------------------------------------
     0 | D:1      | Malachi the Gnoll Transmuter began the quest for the Orb.
     0 | D:1      | Reached XP level 1. HP: 16/16 MP: 5/5
   126 | D:1      | Reached skill level 5 in Unarmed Combat
   152 | D:1      | Reached XP level 2. HP: 6/22 MP: 4/6
  1005 | D:1      | Reached XP level 3. HP: 27/27 MP: 6/8
  1364 | D:2      | Learned a level 3 spell: Spider Form
  1585 | D:2      | Reached skill level 6 in Unarmed Combat
  1635 | D:2      | Reached skill level 1 in Stealth
  1635 | D:2      | Reached XP level 4. HP: 28/33 MP: 5/9
  1982 | D:2      | Reached skill level 1 in Poison Magic
  2098 | D:3      | Noticed yrara's ghost (amateur DsFi)
  2428 | D:3      | Reached XP level 5. HP: 31/38 MP: 8/12
  2434 | D:3      | Reached skill level 5 in Spellcasting
  2770 | D:3      | Learned a level 5 spell: Blade Hands
  2891 | D:3      | Noticed an ice beast
  3116 | D:3      | Killed an ice beast
  3116 | D:3      | Reached skill level 7 in Unarmed Combat
  3116 | D:3      | Reached skill level 5 in Transmutations
  3116 | D:3      | Reached XP level 6. HP: 32/44 MP: 7/14
  3261 | D:3      | Noticed Robin
  3281 | D:3      | Killed Robin
  3374 | D:3      | Found a blossoming altar of Fedhas.
  3394 | D:3      | Killed yrara's ghost
  3394 | D:3      | Reached XP level 7. HP: 35/50 MP: 13/15
  3679 | D:3      | Learned a level 4 spell: Ice Form
  3689 | D:4      | Reached skill level 5 in Dodging
  3833 | D:4      | Reached skill level 8 in Unarmed Combat
  4161 | D:4      | Found a staircase to the Ecumenical Temple.
  4795 | Temple   | Entered the Ecumenical Temple
  4930 | Temple   | Became a worshipper of the Wu Jian Council
  5127 | D:5      | Entered Level 5 of the Dungeon
  5316 | D:5      | Reached XP level 8. HP: 22/57 MP: 13/17
  5926 | D:6      | Noticed Prince Ribbit
  5944 | D:6      | Killed Prince Ribbit
  5944 | D:6      | Reached * piety under Wu Jian
  5944 | D:6      | Reached skill level 5 in Stealth
  5957 | D:6      | Found a sparkling altar of Nemelex Xobeh.
  6002 | D:6      | Found Ezamash's Magic Scroll Boutique.
  6303 | D:6      | Reached skill level 9 in Unarmed Combat
  6903 | D:7      | Found Piusuat's Antique Armour Shoppe.
  6908 | D:7      | Bought a pair of glowing boots for 187 gold pieces
  6965 | D:7      | Reached XP level 9. HP: 56/64 MP: 19/19
  7003 | D:7      | Noticed Menkaure
  7011 | D:7      | Killed Menkaure
  7722 | D:8      | Noticed yrara's ghost (novice DsFi)
  7727 | D:8      | Reached skill level 5 in Poison Magic
  7961 | D:8      | Found Rich's Assorted Antiques.
  8035 | D:8      | Reached ** piety under Wu Jian
  8282 | D:8      | Noticed Maurice
  8299 | D:8      | Killed from afar by Maurice

Vault maps used:
D:1:      dpeg_arrival_oval
D:2:      minmay_diamond_boxcup
D:3:      nicolae_overflow_crystal_walls, first_bread, minmay_misc_feat_tiny,
          uniq_robin
D:4:      cheibrodos_old_hovel, lemuel_temple_firewalk_b
D:6:      nemelex_xobeh_ov_fountains_minmay, serial_shops,
          nicolae_shop_statue_plus, uniq_prince_ribbit1
D:7:      serial_shops, kennysheep_little_box, uniq_menkaure
D:8:      serial_shops, nicolae_shop_overgrown_old_shop, grunt_livestock,
          uniq_maurice
Temple:   regret_index_temple_chain_breaker

Skill      XL: |  1  2  3  4  5  6  7  8  9 |
---------------+----------------------------+-----
Unarmed Combat | 5 6 7 8 9 |  9.8
Transmutations | 4 5 6 7 |  7.0
Stealth        | 1 2 3 4 5 7 |  7.0
Spellcasting   | 4 5 6 7 |  7.8
Poison Magic   | 1 2 3 4 5 |  5.3
Fighting       | 2 3 |  3.4
Dodging        | 4 5 6 |  6.9

Action                   |  1- 3 |  4- 6 |  7- 9 || total
-------------------------+-------+-------+-------++-------
Melee: Unarmed           |    71 |   143 |   359 ||   573
       Punch             |     1 |       |     5 ||     6
       Headbutt          |     3 |       |       ||     3
       Bite              |     3 |     3 |     8 ||    14
       Kick              |     2 |       |       ||     2
 Cast: Beastly Appendage |     8 |       |       ||     8
       Spider Form       |     5 |    11 |    29 ||    45
       Blade Hands       |       |     1 |     5 ||     6
  Use: Potion            |       |     1 |       ||     1
       Scroll            |       |       |     8 ||     8
 Stab: Sleeping          |       |     3 |    11 ||    14
       Distracted        |       |       |     1 ||     1
  Eat: Chunk             |     3 |     2 |    17 ||    22
       Bread ration      |       |     1 |       ||     1
       Fruit             |       |       |     2 ||     2
Armor: Robe              |     2 |     5 |    17 ||    24
       Skin              |       |     5 |    11 ||    16
Dodge: Dodged            |    59 |   120 |   250 ||   429
